2831 views
Uploaded 2019-12-01 20:56:49
Game version 1.32.0.3 / 1.32.0.3.1
42:30 long 3on3 ladder game on (6)Monsoon_LV
Saved by BEARAND
2831 views
Uploaded 2019-12-01 20:56:49
Game version 1.32.0.3 / 1.32.0.3.1
42:30 long 3on3 ladder game on (6)Monsoon_LV


57 units @ 4.8k
/ 0.2k
243 buildings @ 18.1k
/ 9.8k



x1)
| Healing Salve | 4 | 400 |
| Lesser Clarity Potion | 3 | 210 |
| Orb of Lightning | 3 | 1125 |
| Staff of Teleportation | 3 | 450 |
| Boots of Speed | 3 | 750 |
| Tome of Retraining | 1 | 300 |
| Staff of Sanctuary | 3 | 750 |
| total: | 20 | 3985g |
| Peon | 10 | 750 | / | 0 |
| total: | 10 | 750g | / | 0w |
| Watch Tower | 39 | 4290 | / | 3120 |
| Altar of Storms | 1 | 180 | / | 50 |
| Orc Burrow | 6 | 960 | / | 240 |
| War Mill | 1 | 205 | / | 0 |
| Voodoo Lounge | 3 | 390 | / | 90 |
| Great Hall | 1 | 385 | / | 185 |
| Beastiary | 4 | 580 | / | 560 |
| Stronghold | 1 | 315 | / | 190 |
| Fortress | 1 | 325 | / | 190 |
| total: | 55 | 6990g | / | 4245w |
| 0:02 | Peon |
| 0:02 | Peon |
| 0:07 | Altar of Storms |
| 0:18 | Orc Burrow |
| 0:25 | Peon |
| 0:34 | War Mill |
| 0:48 | Peon |
| 0:53 | Peon |
| 1:01 | Peon |
| 1:23 | Voodoo Lounge |
| 1:29 | Peon |
| 1:48 | Peon |
| 1:49 | Peon |
| 1:59 | Watch Tower |
| 2:08 | Wind Walk |
| 2:22 | Watch Tower |
| 2:25 | Watch Tower |
| 2:38 | Peon |
| 3:32 | Watch Tower |
| 3:44 | Stronghold |
| 4:07 | Watch Tower |
| 4:15 | Watch Tower |
| 4:17 | Watch Tower |
| 4:23 | Orc Burrow |
| 4:25 | Healing Salve |
| 4:25 | Lesser Clarity Potion |
| 4:53 | Watch Tower |
| 4:54 | Watch Tower |
| 4:54 | Watch Tower |
| 4:55 | Watch Tower |
| 5:07 | Staff of Teleportation |
| 5:13 | Boots of Speed |
| 5:33 | Watch Tower |
| 5:35 | Watch Tower |
| 5:59 | Critical Strike |
| 6:15 | Watch Tower |
| 6:16 | Watch Tower |
| 6:43 | Voodoo Lounge |
| 6:47 | Voodoo Lounge |
| 7:10 | Shockwave |
| 7:27 | Watch Tower |
| 7:28 | Watch Tower |
| 7:42 | Fortress |
| 8:41 | Boots of Speed |
| 8:47 | Watch Tower |
| 8:47 | Watch Tower |
| 8:48 | Watch Tower |
| 8:48 | Watch Tower |
| 9:01 | Healing Salve |
| 9:04 | Lesser Clarity Potion |
| 10:02 | Watch Tower |
| 10:11 | Healing Salve |
| 10:14 | Orb of Lightning |
| 10:17 | Lesser Clarity Potion |
| 10:23 | Orc Burrow |
| 10:46 | Staff of Teleportation |
| 11:02 | Watch Tower |
| 11:03 | Watch Tower |
| 11:10 | Reinforced Defenses |
| 11:31 | Healing Wave |
| 11:39 | Orb of Lightning |
| 11:40 | Healing Salve |
| 11:58 | Endurance Aura |
| 12:40 | Boots of Speed |
| 12:48 | Staff of Teleportation |
| 13:24 | Staff of Sanctuary |
| 13:47 | Staff of Sanctuary |
| 13:50 | Staff of Sanctuary |
| 14:14 | Orb of Lightning |
| 14:19 | Watch Tower |
| 14:20 | Watch Tower |
| 14:20 | Watch Tower |
| 14:22 | Watch Tower |
| 14:39 | Steel Ranged Weapons |
| 16:21 | Wind Walk |
| 16:39 | Watch Tower |
| 16:40 | Watch Tower |
| 16:40 | Watch Tower |
| 16:41 | Watch Tower |
| 17:05 | Hex |
| 17:30 | Great Hall |
| 18:23 | Watch Tower |
| 18:24 | Watch Tower |
| 18:25 | Watch Tower |
| 18:26 | Watch Tower |
| 18:35 | Watch Tower |
| 18:36 | Watch Tower |
| 19:21 | Shockwave |
| 22:51 | Critical Strike |
| 25:22 | Healing Wave |
| 28:15 | Watch Tower |
| 29:41 | Endurance Aura |
| 30:44 | Serpent Ward |
| 31:46 | Critical Strike |
| 35:35 | Shockwave |
| 36:34 | Bladestorm |
| 36:44 | Tome of Retraining |
| 36:44 | Retrain Hero |
| 36:48 | Healing Wave |
| 36:48 | Hex |
| 36:48 | Healing Wave |
| 36:49 | Hex |
| 38:39 | Healing Wave |
| 41:07 | Beastiary |
| 41:07 | Beastiary |
| 41:07 | Beastiary |
| 41:10 | Orc Burrow |
| 41:11 | Orc Burrow |
| 41:11 | Orc Burrow |
| 41:28 | Beastiary |
| 41:53 | Reincarnation |
| Right click | 3627 |
| Select | 751 |
| Select group | 668 |
| Chat | 321 |
| Build/train/purchase | 246 |
| Use ability | 153 |
| Minimap ping | 26 |
| Assign group | 12 |
| Misc. action | 12 |
| Item give/drop | 12 |
| Remove unit | 1 |



| Orb of Venom | 1 | 325 |
| Boots of Speed | 3 | 750 |
| Staff of Teleportation | 3 | 450 |
| Circlet of Nobility | 4 | 700 |
| Staff of Sanctuary | 3 | 750 |
| total: | 14 | 2975g |
| Wisp | 27 | 1620 | / | 0 |
| Chimaera | 3 | 990 | / | 210 |
| total: | 30 | 2610g | / | 210w |
| Altar of Elders | 2 | 360 | / | 100 |
| Moon Well | 18 | 3240 | / | 720 |
| Ancient of Wonders | 1 | 90 | / | 30 |
| Tree of Life | 1 | 340 | / | 185 |
| Hunter's Hall | 1 | 210 | / | 100 |
| Ancient of Wind | 1 | 150 | / | 140 |
| Chimaera Roost | 4 | 560 | / | 760 |
| Tree of Ages | 1 | 320 | / | 180 |
| Tree of Eternity | 1 | 330 | / | 200 |
| total: | 28 | 4950g | / | 2035w |
| 0:06 | Altar of Elders |
| 0:08 | Wisp |
| 0:08 | Wisp |
| 0:23 | Moon Well |
| 0:28 | Wisp |
| 0:39 | Wisp |
| 0:54 | Moon Well |
| 1:02 | Wisp |
| 1:12 | Wisp |
| 1:20 | Wisp |
| 1:34 | Wisp |
| 1:47 | Wisp |
| 1:59 | Wisp |
| 2:10 | Wisp |
| 2:16 | Shadow Strike |
| 2:27 | Wisp |
| 2:33 | Wisp |
| 2:44 | Ancient of Wonders |
| 3:17 | Wisp |
| 3:17 | Wisp |
| 3:17 | Wisp |
| 3:43 | Wisp |
| 3:59 | Wisp |
| 4:12 | Wisp |
| 4:12 | Wisp |
| 4:26 | Tree of Life |
| 4:49 | Wisp |
| 4:50 | Wisp |
| 5:56 | Tree of Ages |
| 5:59 | Moon Well |
| 7:02 | Blink |
| 7:49 | Wisp |
| 7:49 | Wisp |
| 7:49 | Wisp |
| 7:49 | Wisp |
| 7:50 | Wisp |
| 8:19 | Boots of Speed |
| 8:24 | Staff of Teleportation |
| 8:44 | Nature's Blessing |
| 9:29 | Shadow Strike |
| 9:41 | Entangling Roots |
| 10:21 | Tree of Eternity |
| 10:52 | Moon Well |
| 10:53 | Moon Well |
| 10:54 | Moon Well |
| 10:55 | Moon Well |
| 11:09 | Moon Well |
| 11:11 | Moon Well |
| 11:11 | Moon Well |
| 11:12 | Moon Well |
| 11:21 | Boots of Speed |
| 12:04 | Hunter's Hall |
| 13:20 | Frost Arrows |
| 14:08 | Moon Well |
| 14:23 | Boots of Speed |
| 14:24 | Circlet of Nobility |
| 14:32 | Orb of Venom |
| 14:50 | Staff of Teleportation |
| 16:27 | Circlet of Nobility |
| 16:33 | Forked Lightning |
| 16:52 | Staff of Teleportation |
| 17:29 | Staff of Sanctuary |
| 17:37 | Staff of Sanctuary |
| 17:46 | Moon Well |
| 17:52 | Moon Well |
| 17:58 | Moon Well |
| 20:38 | Thorns Aura |
| 21:32 | Blink |
| 22:33 | Frost Arrows |
| 23:58 | Altar of Elders |
| 24:48 | Circlet of Nobility |
| 25:09 | Staff of Sanctuary |
| 26:27 | Moon Well |
| 26:29 | Moon Well |
| 26:31 | Moon Well |
| 27:32 | Entangling Roots |
| 28:24 | Well Spring |
| 28:25 | Ultravision |
| 28:25 | Strength of the Wild |
| 28:25 | Reinforced Hides |
| 30:48 | Shadow Strike |
| 31:15 | Improved Strength of the Wild |
| 31:28 | Ancient of Wind |
| 31:41 | Improved Reinforced Hides |
| 34:05 | Chimaera Roost |
| 34:06 | Chimaera Roost |
| 34:07 | Chimaera Roost |
| 34:08 | Chimaera Roost |
| 34:10 | Advanced Strength of the Wild |
| 34:13 | Advanced Reinforced Hides |
| 35:12 | Thorns Aura |
| 35:32 | Corrosive Breath |
| 36:46 | Forked Lightning |
| 37:54 | Blink |
| 40:25 | Circlet of Nobility |
| 40:59 | Entangling Roots |
| 41:08 | Chimaera |
| 41:11 | Chimaera |
| 41:11 | Chimaera |
| Right click | 3061 |
| Select | 823 |
| Select group | 736 |
| Misc. action | 387 |
| Use ability | 190 |
| Resource trade | 178 |
| Build/train/purchase | 82 |
| Chat | 11 |
| Minimap ping | 8 |
| Assign group | 7 |
| Esc | 2 |
| Item give/drop | 1 |



x1)
| Staff of Sanctuary | 3 | 750 |
| Orb of Fire | 1 | 325 |
| Periapt of Vitality | 3 | 975 |
| Staff of Teleportation | 3 | 450 |
| Boots of Speed | 3 | 750 |
| Tome of Retraining | 1 | 300 |
| Orb of Lightning | 2 | 750 |
| total: | 16 | 4300g |
| Peasant | 14 | 1050 | / | 0 |
| Priest | 3 | 405 | / | 30 |
| total: | 17 | 1455g | / | 30w |
| Scout Tower | 147 | 4410 | / | 2940 |
| Arcane Tower | 11 | 770 | / | 550 |
| Guard Tower | 39 | 2730 | / | 1950 |
| Altar of Kings | 1 | 180 | / | 50 |
| Farm | 6 | 480 | / | 120 |
| Lumber Mill | 1 | 120 | / | 0 |
| Town Hall | 1 | 385 | / | 205 |
| Arcane Vault | 3 | 390 | / | 90 |
| Arcane Sanctum | 1 | 150 | / | 140 |
| Keep | 1 | 320 | / | 210 |
| Castle | 1 | 360 | / | 210 |
| total: | 160 | 6115g | / | 3545w |
| 0:04 | Peasant |
| 0:04 | Peasant |
| 0:15 | Altar of Kings |
| 0:18 | Farm |
| 0:20 | Peasant |
| 0:20 | Peasant |
| 0:31 | Peasant |
| 0:44 | Peasant |
| 0:58 | Scout Tower |
| 1:02 | Peasant |
| 1:17 | Scout Tower |
| 1:23 | Farm |
| 1:26 | Farm |
| 1:31 | Scout Tower |
| 1:34 | Peasant |
| 1:34 | Peasant |
| 1:38 | Lumber Mill |
| 1:47 | Arcane Tower |
| 1:48 | Scout Tower |
| 1:58 | Peasant |
| 2:00 | Arcane Tower |
| 2:12 | Scout Tower |
| 2:14 | Scout Tower |
| 2:16 | Summon Water Elemental |
| 2:36 | Peasant |
| 2:36 | Peasant |
| 2:36 | Peasant |
| 2:40 | Guard Tower |
| 2:55 | Scout Tower |
| 2:58 | Guard Tower |
| 3:00 | Scout Tower |
| 3:18 | Periapt of Vitality |
| 3:22 | Peasant |
| 3:24 | Guard Tower |
| 3:25 | Scout Tower |
| 3:36 | Guard Tower |
| 3:37 | Scout Tower |
| 3:37 | Scout Tower |
| 3:39 | Keep |
| 3:41 | Staff of Teleportation |
| 3:49 | Boots of Speed |
| 3:56 | Guard Tower |
| 4:13 | Scout Tower |
| 4:28 | Brilliance Aura |
| 4:43 | Arcane Tower |
| 4:43 | Scout Tower |
| 4:55 | Town Hall |
| 5:00 | Guard Tower |
| 5:01 | Scout Tower |
| 5:02 | Scout Tower |
| 5:02 | Scout Tower |
| 5:03 | Scout Tower |
| 5:08 | Improved Masonry |
| 5:21 | Guard Tower |
| 5:22 | Scout Tower |
| 5:23 | Scout Tower |
| 5:26 | Farm |
| 5:27 | Farm |
| 6:00 | Arcane Tower |
| 6:04 | Guard Tower |
| 6:09 | Arcane Vault |
| 6:11 | Arcane Vault |
| 6:24 | Guard Tower |
| 6:27 | Scout Tower |
| 6:27 | Scout Tower |
| 6:36 | Castle |
| 6:54 | Scout Tower |
| 6:54 | Scout Tower |
| 6:57 | Guard Tower |
| 7:08 | Arcane Sanctum |
| 7:10 | Advanced Masonry |
| 7:13 | Arcane Tower |
| 7:24 | Summon Water Elemental |
| 7:27 | Guard Tower |
| 7:28 | Scout Tower |
| 7:28 | Scout Tower |
| 7:30 | Guard Tower |
| 7:31 | Scout Tower |
| 7:32 | Scout Tower |
| 7:33 | Scout Tower |
| 7:34 | Scout Tower |
| 7:35 | Scout Tower |
| 7:40 | Storm Bolt |
| 8:03 | Staff of Teleportation |
| 8:03 | Boots of Speed |
| 8:03 | Periapt of Vitality |
| 8:24 | Guard Tower |
| 8:26 | Scout Tower |
| 8:26 | Scout Tower |
| 8:29 | Magic Sentry |
| 8:36 | Guard Tower |
| 8:38 | Scout Tower |
| 8:38 | Scout Tower |
| 8:39 | Scout Tower |
| 8:39 | Scout Tower |
| 9:00 | Arcane Vault |
| 9:02 | Guard Tower |
| 9:06 | Scout Tower |
| 9:07 | Scout Tower |
| 9:09 | Scout Tower |
| 9:09 | Scout Tower |
| 9:10 | Scout Tower |
| 9:40 | Bash |
| 9:57 | Guard Tower |
| 9:58 | Guard Tower |
| 10:03 | Guard Tower |
| 10:04 | Scout Tower |
| 10:04 | Scout Tower |
| 10:05 | Scout Tower |
| 10:05 | Scout Tower |
| 10:07 | Holy Light |
| 10:11 | Orb of Lightning |
| 10:13 | Staff of Sanctuary |
| 10:13 | Staff of Sanctuary |
| 10:14 | Staff of Sanctuary |
| 10:39 | Guard Tower |
| 10:41 | Scout Tower |
| 10:41 | Scout Tower |
| 10:42 | Scout Tower |
| 10:42 | Scout Tower |
| 10:47 | Scout Tower |
| 10:48 | Scout Tower |
| 10:49 | Scout Tower |
| 10:49 | Scout Tower |
| 11:01 | Guard Tower |
| 11:05 | Imbued Masonry |
| 11:06 | Priest |
| 11:06 | Priest Adept Training |
| 11:12 | Scout Tower |
| 11:12 | Scout Tower |
| 11:14 | Scout Tower |
| 11:15 | Scout Tower |
| 11:23 | Tome of Retraining |
| 11:23 | Retrain Hero |
| 11:25 | Brilliance Aura |
| 11:26 | Brilliance Aura |
| 11:26 | Blizzard |
| 11:33 | Boots of Speed |
| 12:10 | Guard Tower |
| 12:11 | Scout Tower |
| 12:12 | Scout Tower |
| 12:13 | Scout Tower |
| 12:13 | Scout Tower |
| 12:36 | Guard Tower |
| 12:37 | Scout Tower |
| 12:38 | Scout Tower |
| 12:39 | Scout Tower |
| 12:39 | Scout Tower |
| 12:39 | Scout Tower |
| 12:40 | Scout Tower |
| 12:57 | Guard Tower |
| 12:58 | Scout Tower |
| 12:59 | Scout Tower |
| 13:00 | Scout Tower |
| 13:00 | Scout Tower |
| 13:01 | Scout Tower |
| 13:02 | Scout Tower |
| 13:02 | Scout Tower |
| 13:09 | Priest Master Training |
| 13:12 | Guard Tower |
| 13:14 | Scout Tower |
| 13:14 | Scout Tower |
| 13:15 | Scout Tower |
| 13:16 | Scout Tower |
| 13:17 | Scout Tower |
| 13:17 | Scout Tower |
| 13:18 | Scout Tower |
| 13:18 | Scout Tower |
| 13:19 | Scout Tower |
| 13:19 | Scout Tower |
| 13:20 | Scout Tower |
| 13:21 | Scout Tower |
| 13:39 | Divine Shield |
| 13:47 | Blizzard |
| 14:26 | Guard Tower |
| 14:29 | Scout Tower |
| 14:29 | Scout Tower |
| 14:30 | Scout Tower |
| 14:31 | Scout Tower |
| 14:31 | Scout Tower |
| 14:41 | Priest |
| 15:31 | Storm Bolt |
| 16:11 | Scout Tower |
| 16:11 | Scout Tower |
| 16:12 | Scout Tower |
| 16:13 | Scout Tower |
| 16:14 | Scout Tower |
| 16:15 | Scout Tower |
| 16:18 | Scout Tower |
| 16:20 | Scout Tower |
| 16:20 | Scout Tower |
| 16:21 | Scout Tower |
| 16:26 | Arcane Tower |
| 16:42 | Guard Tower |
| 16:43 | Guard Tower |
| 17:15 | Orb of Fire |
| 17:20 | Guard Tower |
| 17:23 | Scout Tower |
| 17:24 | Scout Tower |
| 17:24 | Scout Tower |
| 17:25 | Scout Tower |
| 17:26 | Scout Tower |
| 17:26 | Scout Tower |
| 17:27 | Scout Tower |
| 17:27 | Scout Tower |
| 17:27 | Scout Tower |
| 17:28 | Scout Tower |
| 17:40 | Priest |
| 17:44 | Guard Tower |
| 17:50 | Scout Tower |
| 17:50 | Scout Tower |
| 17:51 | Scout Tower |
| 17:51 | Scout Tower |
| 17:52 | Scout Tower |
| 17:52 | Scout Tower |
| 17:56 | Guard Tower |
| 18:01 | Staff of Teleportation |
| 18:02 | Periapt of Vitality |
| 18:14 | Arcane Tower |
| 18:15 | Guard Tower |
| 18:51 | Guard Tower |
| 18:56 | Scout Tower |
| 18:57 | Scout Tower |
| 18:57 | Scout Tower |
| 18:57 | Scout Tower |
| 18:58 | Scout Tower |
| 18:59 | Scout Tower |
| 18:59 | Scout Tower |
| 19:03 | Arcane Tower |
| 19:29 | Guard Tower |
| 19:49 | Holy Light |
| 20:55 | Guard Tower |
| 20:58 | Scout Tower |
| 20:58 | Scout Tower |
| 21:00 | Scout Tower |
| 21:01 | Scout Tower |
| 21:02 | Scout Tower |
| 22:34 | Bash |
| 22:39 | Brilliance Aura |
| 23:52 | Guard Tower |
| 23:58 | Scout Tower |
| 23:59 | Scout Tower |
| 23:59 | Scout Tower |
| 24:00 | Scout Tower |
| 24:01 | Scout Tower |
| 24:02 | Scout Tower |
| 24:03 | Scout Tower |
| 24:04 | Scout Tower |
| 24:05 | Scout Tower |
| 24:05 | Scout Tower |
| 24:06 | Scout Tower |
| 24:06 | Scout Tower |
| 24:11 | Arcane Tower |
| 24:18 | Arcane Tower |
| 24:19 | Guard Tower |
| 24:37 | Orb of Lightning |
| 26:45 | Scout Tower |
| 26:46 | Scout Tower |
| 26:46 | Scout Tower |
| 26:47 | Scout Tower |
| 26:48 | Scout Tower |
| 26:48 | Scout Tower |
| 27:02 | Devotion Aura |
| 28:10 | Guard Tower |
| 28:56 | Guard Tower |
| 29:56 | Guard Tower |
| 30:03 | Arcane Tower |
| 31:07 | Storm Bolt |
| 31:22 | Farm |
| 32:58 | Blizzard |
| 33:38 | Holy Light |
| 37:18 | Avatar |
| 38:45 | Devotion Aura |
| 41:21 | Summon Water Elemental |
| Right click | 2927 |
| Select group | 2478 |
| Select | 403 |
| Use ability | 274 |
| Misc. action | 204 |
| Build/train/purchase | 167 |
| Chat | 95 |
| Minimap ping | 20 |
| Item give/drop | 14 |
| Assign group | 8 |
| Esc | 2 |
241 units @ 41.5k
/ 7.8k
71 buildings @ 9.7k
/ 4.5k


| Potion of Healing | 1 | 150 |
| Scroll of Town Portal | 5 | 1750 |
| Periapt of Vitality | 1 | 325 |
| total: | 7 | 2225g |
| Peasant | 31 | 2325 | / | 0 |
| Footman | 10 | 1350 | / | 0 |
| Rifleman | 15 | 3075 | / | 450 |
| Priest | 12 | 1620 | / | 120 |
| Mortar Team | 16 | 2880 | / | 1120 |
| Knight | 11 | 2695 | / | 660 |
| Sorceress | 1 | 155 | / | 20 |
| Spell Breaker | 2 | 430 | / | 60 |
| Gryphon Rider | 13 | 3640 | / | 910 |
| Flying Machine | 1 | 100 | / | 30 |
| total: | 112 | 18270g | / | 3370w |
| Scout Tower | 7 | 210 | / | 140 |
| Guard Tower | 6 | 420 | / | 300 |
| Altar of Kings | 2 | 360 | / | 100 |
| Farm | 11 | 880 | / | 220 |
| Barracks | 2 | 320 | / | 120 |
| Blacksmith | 1 | 140 | / | 60 |
| Lumber Mill | 1 | 120 | / | 0 |
| Town Hall | 2 | 770 | / | 410 |
| Arcane Vault | 1 | 130 | / | 30 |
| Arcane Sanctum | 1 | 150 | / | 140 |
| Workshop | 1 | 140 | / | 140 |
| Gryphon Aviary | 1 | 140 | / | 150 |
| Keep | 1 | 320 | / | 210 |
| Castle | 1 | 360 | / | 210 |
| total: | 30 | 3360g | / | 1510w |
| 0:05 | Altar of Kings |
| 0:09 | Peasant |
| 0:09 | Peasant |
| 0:09 | Peasant |
| 0:18 | Farm |
| 0:28 | Barracks |
| 0:43 | Farm |
| 0:56 | Peasant |
| 1:13 | Peasant |
| 1:17 | Farm |
| 1:23 | Peasant |
| 1:37 | Footman |
| 1:46 | Peasant |
| 1:56 | Blacksmith |
| 2:05 | Summon Water Elemental |
| 2:13 | Footman |
| 2:18 | Lumber Mill |
| 2:35 | Defend |
| 3:10 | Rifleman |
| 3:18 | Peasant |
| 3:21 | Footman |
| 3:47 | Scout Tower |
| 3:51 | Rifleman |
| 4:04 | Footman |
| 4:25 | Keep |
| 4:27 | Brilliance Aura |
| 4:38 | Black Gunpowder |
| 5:26 | Guard Tower |
| 5:59 | Town Hall |
| 6:06 | Farm |
| 6:07 | Farm |
| 6:08 | Farm |
| 6:09 | Farm |
| 6:17 | Iron Forged Swords |
| 6:45 | Brilliance Aura |
| 6:54 | Rifleman |
| 6:55 | Footman |
| 7:02 | Improved Lumber Harvesting |
| 7:19 | Long Rifles |
| 7:40 | Peasant |
| 7:40 | Peasant |
| 7:40 | Peasant |
| 7:55 | Guard Tower |
| 8:11 | Farm |
| 8:14 | Peasant |
| 8:15 | Peasant |
| 8:17 | Rifleman |
| 8:49 | Arcane Sanctum |
| 8:53 | Footman |
| 8:58 | Barracks |
| 9:10 | Peasant |
| 9:13 | Peasant |
| 9:14 | Peasant |
| 9:14 | Peasant |
| 9:14 | Peasant |
| 9:27 | Rifleman |
| 9:46 | Rifleman |
| 10:13 | Farm |
| 10:17 | Arcane Vault |
| 10:20 | Priest |
| 10:20 | Priest |
| 10:20 | Priest |
| 10:52 | Workshop |
| 11:00 | Rifleman |
| 11:03 | Studded Leather Armor |
| 11:05 | Steel Forged Swords |
| 11:09 | Refined Gunpowder |
| 11:17 | Summon Water Elemental |
| 11:39 | Peasant |
| 11:40 | Peasant |
| 11:40 | Peasant |
| 11:44 | Castle |
| 11:57 | Periapt of Vitality |
| 12:15 | Mortar Team |
| 12:26 | Iron Plating |
| 12:39 | Scout Tower |
| 12:40 | Scout Tower |
| 12:41 | Scout Tower |
| 13:25 | Flare |
| 13:28 | Mortar Team |
| 13:31 | Reinforced Leather Armor |
| 14:13 | Gryphon Aviary |
| 14:28 | Knight |
| 14:29 | Animal War Training |
| 14:31 | Knight |
| 14:32 | Sorceress Adept Training |
| 14:33 | Sorceress |
| 14:33 | Spell Breaker |
| 14:39 | Advanced Lumber Harvesting |
| 14:55 | Mortar Team |
| 14:55 | Fragmentation Shards |
| 16:18 | Storm Hammers |
| 16:19 | Gryphon Rider |
| 16:22 | Flying Machine Bombs |
| 16:22 | Flying Machine |
| 16:40 | Imbued Gunpowder |
| 16:42 | Rifleman |
| 16:57 | Mortar Team |
| 17:04 | Priest Adept Training |
| 17:17 | Knight |
| 17:29 | Knight |
| 17:44 | Gryphon Rider |
| 18:05 | Mortar Team |
| 18:26 | Knight |
| 19:05 | Mortar Team |
| 19:06 | Priest |
| 19:07 | Priest Master Training |
| 19:50 | Priest |
| 19:52 | Priest |
| 19:56 | Farm |
| 19:58 | Farm |
| 20:10 | Town Hall |
| 20:20 | Scroll of Town Portal |
| 20:26 | Gryphon Rider |
| 20:34 | Summon Water Elemental |
| 21:20 | Knight |
| 21:45 | Mortar Team |
| 21:59 | Guard Tower |
| 22:11 | Priest |
| 22:12 | Priest |
| 22:50 | Knight |
| 22:53 | Rifleman |
| 24:15 | Gryphon Rider |
| 24:21 | Peasant |
| 24:22 | Peasant |
| 24:22 | Peasant |
| 24:29 | Mortar Team |
| 24:55 | Spell Breaker |
| 24:56 | Priest |
| 25:51 | Scroll of Town Portal |
| 25:52 | Scroll of Town Portal |
| 26:10 | Scout Tower |
| 26:11 | Scout Tower |
| 26:11 | Scout Tower |
| 26:55 | Mortar Team |
| 26:55 | Mortar Team |
| 26:55 | Mortar Team |
| 27:21 | Guard Tower |
| 27:34 | Knight |
| 27:35 | Knight |
| 27:38 | Gryphon Rider |
| 27:38 | Gryphon Rider |
| 27:39 | Gryphon Rider |
| 28:26 | Knight |
| 28:30 | Steel Plating |
| 28:30 | Mithril Forged Swords |
| 28:32 | Dragonhide Armor |
| 29:34 | Gryphon Rider |
| 29:34 | Gryphon Rider |
| 29:59 | Mortar Team |
| 29:59 | Mortar Team |
| 30:02 | Rifleman |
| 30:02 | Rifleman |
| 30:02 | Rifleman |
| 30:04 | Footman |
| 30:04 | Footman |
| 30:04 | Footman |
| 30:04 | Footman |
| 31:29 | Guard Tower |
| 31:44 | Rifleman |
| 31:59 | Peasant |
| 32:00 | Peasant |
| 32:00 | Peasant |
| 32:00 | Peasant |
| 32:43 | Gryphon Rider |
| 34:34 | Priest |
| 34:34 | Priest |
| 34:35 | Priest |
| 34:39 | Gryphon Rider |
| 34:42 | Peasant |
| 34:42 | Peasant |
| 34:42 | Peasant |
| 34:56 | Scroll of Town Portal |
| 35:01 | Potion of Healing |
| 35:13 | Scroll of Town Portal |
| 35:22 | Mortar Team |
| 35:23 | Mortar Team |
| 35:43 | Knight |
| 35:46 | Gryphon Rider |
| 35:48 | Gryphon Rider |
| 36:20 | Holy Light |
| 36:56 | Altar of Kings |
| 37:33 | Improved Masonry |
| 37:47 | Rifleman |
| 37:52 | Mortar Team |
| 38:39 | Rifleman |
| Select group | 574 |
| Right click | 571 |
| Select | 423 |
| Misc. action | 351 |
| Build/train/purchase | 228 |
| Assign group | 67 |
| Use ability | 21 |
| Chat | 13 |
| Minimap ping | 9 |
| Remove unit | 6 |
| Item give/drop | 1 |



| Ritual Dagger | 1 | 125 |
| Potion of Mana | 2 | 400 |
| Orb of Corruption | 2 | 750 |
| Dust of Appearance | 2 | 150 |
| Scroll of Healing | 1 | 250 |
| Scroll of Town Portal | 2 | 700 |
| Circlet of Nobility | 1 | 175 |
| Boots of Speed | 1 | 250 |
| total: | 12 | 2800g |
| Acolyte | 15 | 1125 | / | 0 |
| Ghoul | 12 | 1440 | / | 0 |
| Crypt Fiend | 10 | 2150 | / | 400 |
| Meat Wagon | 5 | 1150 | / | 250 |
| Necromancer | 9 | 1305 | / | 180 |
| Obsidian Statue | 5 | 1000 | / | 175 |
| Abomination | 5 | 1200 | / | 350 |
| total: | 61 | 9370g | / | 1355w |
| Nerubian Tower | 5 | 500 | / | 100 |
| Spirit Tower | 6 | 870 | / | 240 |
| Altar of Darkness | 1 | 180 | / | 50 |
| Crypt | 2 | 400 | / | 100 |
| Graveyard | 1 | 215 | / | 0 |
| Ziggurat | 11 | 1650 | / | 550 |
| Tomb of Relics | 1 | 130 | / | 30 |
| Temple of the Damned | 2 | 310 | / | 280 |
| Slaughterhouse | 2 | 280 | / | 270 |
| Sacrificial Pit | 1 | 75 | / | 150 |
| Halls of the Dead | 1 | 320 | / | 210 |
| Black Citadel | 1 | 325 | / | 230 |
| total: | 21 | 3240g | / | 1430w |
| 0:08 | Acolyte |
| 0:08 | Acolyte |
| 0:08 | Acolyte |
| 0:14 | Altar of Darkness |
| 0:35 | Crypt |
| 1:04 | Graveyard |
| 1:14 | Ziggurat |
| 1:29 | Ziggurat |
| 1:41 | Ghoul |
| 1:41 | Ghoul |
| 2:10 | Ghoul |
| 2:10 | Ghoul |
| 2:28 | Tomb of Relics |
| 2:40 | Ziggurat |
| 2:47 | Cannibalize |
| 3:03 | Ziggurat |
| 3:13 | Carrion Beetles |
| 3:19 | Ziggurat |
| 3:24 | Acolyte |
| 3:45 | Ziggurat |
| 4:04 | Nerubian Tower |
| 4:15 | Acolyte |
| 4:34 | Ziggurat |
| 4:44 | Nerubian Tower |
| 5:02 | Spirit Tower |
| 5:11 | Spirit Tower |
| 6:01 | Crypt Fiend |
| 6:03 | Crypt Fiend |
| 6:05 | Acolyte |
| 6:06 | Acolyte |
| 6:29 | Spirit Tower |
| 6:40 | Ziggurat |
| 6:45 | Spirit Tower |
| 6:49 | Impale |
| 7:38 | Crypt Fiend |
| 7:41 | Crypt Fiend |
| 8:09 | Acolyte |
| 8:10 | Acolyte |
| 8:16 | Nerubian Tower |
| 8:33 | Ritual Dagger |
| 8:59 | Crypt |
| 9:09 | Halls of the Dead |
| 9:31 | Crypt Fiend |
| 10:06 | Ghoul |
| 10:10 | Ghoul |
| 11:14 | Carrion Beetles |
| 11:51 | Potion of Mana |
| 11:55 | Dust of Appearance |
| 12:20 | Acolyte |
| 12:24 | Crypt Fiend |
| 13:12 | Temple of the Damned |
| 13:15 | Slaughterhouse |
| 13:18 | Slaughterhouse |
| 13:24 | Temple of the Damned |
| 13:30 | Sacrificial Pit |
| 14:12 | Frost Nova |
| 14:38 | Exhume Corpses |
| 14:39 | Necromancer Adept Training |
| 14:40 | Skeletal Mastery |
| 14:42 | Burrow |
| 14:45 | Web |
| 14:47 | Creature Attack |
| 16:25 | Black Citadel |
| 16:28 | Meat Wagon |
| 16:31 | Meat Wagon |
| 16:34 | Crypt Fiend |
| 16:35 | Necromancer |
| 16:51 | Ziggurat |
| 17:07 | Dust of Appearance |
| 17:14 | Ziggurat |
| 17:19 | Ziggurat |
| 17:36 | Unholy Strength |
| 17:56 | Necromancer |
| 18:03 | Crypt Fiend |
| 18:58 | Acolyte |
| 18:58 | Acolyte |
| 18:58 | Acolyte |
| 19:22 | Acolyte |
| 19:22 | Acolyte |
| 19:25 | Nerubian Tower |
| 19:26 | Spirit Tower |
| 19:29 | Nerubian Tower |
| 21:29 | Improved Creature Attack |
| 21:29 | Improved Unholy Strength |
| 21:31 | Disease Cloud |
| 21:38 | Ghoul |
| 23:01 | Obsidian Statue |
| 23:02 | Abomination |
| 23:13 | Scroll of Healing |
| 23:14 | Scroll of Town Portal |
| 23:15 | Potion of Mana |
| 24:15 | Obsidian Statue |
| 24:18 | Abomination |
| 24:21 | Crypt Fiend |
| 24:23 | Necromancer |
| 24:23 | Necromancer Master Training |
| 25:07 | Destroyer Form |
| 25:12 | Creature Carapace |
| 25:12 | Unholy Armor |
| 25:52 | Spiked Carapace |
| 27:31 | Meat Wagon |
| 27:53 | Abomination |
| 27:55 | Necromancer |
| 27:58 | Necromancer |
| 28:01 | Ghoul |
| 28:03 | Ghoul |
| 28:05 | Crypt Fiend |
| 29:29 | Abomination |
| 29:32 | Ghoul |
| 29:32 | Ghoul |
| 29:33 | Necromancer |
| 29:33 | Necromancer |
| 29:35 | Necromancer |
| 29:36 | Meat Wagon |
| 30:48 | Meat Wagon |
| 30:50 | Ghoul |
| 30:51 | Ghoul Frenzy |
| 31:04 | Circlet of Nobility |
| 38:28 | Banshee Adept Training |
| 39:51 | Banshee Master Training |
| 41:06 | Obsidian Statue |
| 41:08 | Obsidian Statue |
| 41:25 | Orb of Corruption |
| 41:29 | Orb of Corruption |
| 41:30 | Scroll of Town Portal |
| 41:32 | Rain of Fire |
| 42:10 | Obsidian Statue |
| 42:12 | Abomination |
| 42:14 | Necromancer |
| 42:21 | Boots of Speed |
| Right click | 702 |
| Select | 645 |
| Build/train/purchase | 152 |
| Misc. action | 68 |
| Use ability | 37 |
| Minimap ping | 8 |
| Item give/drop | 3 |



| Potion of Mana | 1 | 200 |
| Scroll of Healing | 1 | 250 |
| Boots of Speed | 1 | 250 |
| Circlet of Nobility | 1 | 175 |
| total: | 4 | 875g |
| Acolyte | 8 | 600 | / | 0 |
| Ghoul | 6 | 720 | / | 0 |
| Crypt Fiend | 9 | 1935 | / | 360 |
| Gargoyle | 9 | 1575 | / | 270 |
| Obsidian Statue | 1 | 200 | / | 35 |
| Necromancer | 8 | 1160 | / | 160 |
| Banshee | 1 | 155 | / | 30 |
| Abomination | 17 | 4080 | / | 1190 |
| Frost Wyrm | 9 | 3465 | / | 1080 |
| total: | 68 | 13890g | / | 3125w |
| Spirit Tower | 3 | 435 | / | 120 |
| Altar of Darkness | 1 | 180 | / | 50 |
| Ziggurat | 10 | 1500 | / | 500 |
| Crypt | 1 | 200 | / | 50 |
| Tomb of Relics | 1 | 130 | / | 30 |
| Graveyard | 1 | 215 | / | 0 |
| Slaughterhouse | 2 | 280 | / | 270 |
| Temple of the Damned | 1 | 155 | / | 140 |
| Sacrificial Pit | 1 | 75 | / | 150 |
| Boneyard | 2 | 350 | / | 400 |
| Halls of the Dead | 1 | 320 | / | 210 |
| Black Citadel | 1 | 325 | / | 230 |
| total: | 20 | 3085g | / | 1590w |
| 0:06 | Acolyte |
| 0:06 | Acolyte |
| 0:10 | Altar of Darkness |
| 0:12 | Ziggurat |
| 0:38 | Crypt |
| 1:06 | Ziggurat |
| 1:10 | Tomb of Relics |
| 1:32 | Graveyard |
| 1:46 | Ghoul |
| 2:00 | Ghoul |
| 2:13 | Ziggurat |
| 2:22 | Death Coil |
| 2:32 | Ghoul |
| 3:02 | Cannibalize |
| 3:03 | Crypt Fiend |
| 4:05 | Crypt Fiend |
| 4:05 | Crypt Fiend |
| 4:08 | Creature Attack |
| 4:35 | Halls of the Dead |
| 5:04 | Crypt Fiend |
| 5:26 | Crypt Fiend |
| 5:29 | Creature Carapace |
| 5:32 | Unholy Aura |
| 6:19 | Spirit Tower |
| 6:50 | Ziggurat |
| 6:52 | Ziggurat |
| 6:56 | Crypt Fiend |
| 8:28 | Web |
| 8:29 | Burrow |
| 8:31 | Improved Creature Attack |
| 8:40 | Death Coil |
| 8:45 | Acolyte |
| 8:46 | Acolyte |
| 8:46 | Acolyte |
| 8:46 | Acolyte |
| 8:47 | Acolyte |
| 8:56 | Sleep |
| 9:13 | Slaughterhouse |
| 9:18 | Slaughterhouse |
| 9:20 | Ziggurat |
| 9:23 | Temple of the Damned |
| 10:08 | Ziggurat |
| 10:09 | Ziggurat |
| 10:09 | Ziggurat |
| 10:13 | Acolyte |
| 10:30 | Gargoyle |
| 10:30 | Gargoyle |
| 10:30 | Gargoyle |
| 10:36 | Obsidian Statue |
| 10:55 | Gargoyle |
| 11:01 | Skeletal Mastery |
| 11:06 | Necromancer |
| 11:08 | Necromancer |
| 11:44 | Black Citadel |
| 11:46 | Necromancer Adept Training |
| 11:52 | Gargoyle |
| 11:52 | Gargoyle |
| 12:56 | Boots of Speed |
| 12:57 | Circlet of Nobility |
| 14:27 | Necromancer |
| 14:28 | Banshee |
| 14:28 | Necromancer Master Training |
| 14:29 | Necromancer |
| 14:32 | Advanced Creature Attack |
| 14:32 | Improved Creature Carapace |
| 14:40 | Sacrificial Pit |
| 16:40 | Abomination |
| 16:41 | Abomination |
| 16:46 | Crypt Fiend |
| 16:47 | Ghoul |
| 16:48 | Ghoul |
| 16:48 | Ghoul |
| 17:24 | Abomination |
| 17:48 | Impale |
| 18:27 | Stone Form |
| 18:36 | Abomination |
| 20:25 | Necromancer |
| 20:33 | Disease Cloud |
| 20:46 | Unholy Strength |
| 20:46 | Advanced Creature Carapace |
| 20:50 | Boneyard |
| 20:55 | Boneyard |
| 22:42 | Freezing Breath |
| 22:42 | Frost Wyrm |
| 22:43 | Frost Wyrm |
| 24:12 | Improved Unholy Strength |
| 24:16 | Frost Wyrm |
| 24:20 | Abomination |
| 25:05 | Frost Wyrm |
| 25:15 | Frost Wyrm |
| 26:28 | Unholy Aura |
| 27:13 | Frost Wyrm |
| 27:14 | Abomination |
| 27:39 | Necromancer |
| 27:40 | Abomination |
| 27:44 | Spirit Tower |
| 27:59 | Abomination |
| 28:23 | Spirit Tower |
| 29:50 | Abomination |
| 29:53 | Frost Wyrm |
| 29:53 | Frost Wyrm |
| 30:10 | Necromancer |
| 30:10 | Necromancer |
| 31:51 | Vampiric Aura |
| 34:05 | Crypt Fiend |
| 34:06 | Gargoyle |
| 34:06 | Gargoyle |
| 34:06 | Gargoyle |
| 34:06 | Crypt Fiend |
| 34:08 | Abomination |
| 34:08 | Abomination |
| 34:08 | Abomination |
| 34:08 | Abomination |
| 35:54 | Abomination |
| 37:48 | Abomination |
| 37:49 | Abomination |
| 38:03 | Potion of Mana |
| 38:11 | Scroll of Healing |
| 38:28 | Ziggurat |
| 39:42 | Frost Wyrm |
| 40:05 | Abomination |
| Right click | 1904 |
| Select group | 863 |
| Select | 725 |
| Build/train/purchase | 134 |
| Use ability | 80 |
| Assign group | 55 |
| Misc. action | 17 |
| Resource trade | 10 |
| Esc | 9 |
| Remove unit | 5 |
| Item give/drop | 4 |
| Minimap ping | 1 |
⇛